 Dungeon Crawl Stone Soup version 0.24.0-123-gd5b16e6ec5 (webtiles) character file.

Game seed: 2523552373874156832, levelgen mode: deterministic

42 Vibe the Vexing (level 3, -1/20 HPs)
             Began as a Kobold Arcane Marksman on Jan 17, 2020.
             Slain by an adder (3 damage)
             ... on level 2 of the Dungeon.
             The game lasted 00:22:49 (2119 turns).

Vibe the Vexing (Kobold Arcane Marksman)            Turns: 2119, Time: 00:22:50

Health: -1/20      AC:  3    Str:  5 (7)  XL:     3   Next: 77%
Magic:  4/5        EV: 14    Int: 13 (14) God:
Gold:   48         SH:  0    Dex: 15 (16) Spells: 3/4 levels left

rFire    . . .     SeeInvis .   a - +0 hand crossbow
rCold    . . .     Gourm    .   (shield restricted)
rNeg     . . .     Faith    .   b - +0 leather armour
rPois    .         Spirit   .   (no helmet)
rElec    .         Reflect  .   (no cloak)
rCorr    .         Harm     .   (no gloves)
MR       .....     Rnd*Rage +   (no boots)
Stlth    +.........             (no amulet)
HPRegen  0.46/turn              (no ring)
MPRegen  0.09/turn              (no ring)

@: lethally poisoned (-1 -> -1)
A: small, berserk 1, carnivore, deterioration 1, regeneration 1
a: no special abilities


You were on level 2 of the Dungeon.
You were very full.

You visited 1 branch of the dungeon, and saw 2 of its levels.

You collected 48 gold pieces.

Inventory:

Hand Weapons
 a - a +0 hand crossbow (weapon)
 i - a +0 club
 l - a +0 club
 m - a +0 dagger
 o - a +0 dagger
 r - a +0 club
 s - a +0 club
 t - a +0 spear
Missiles
 c - 40 stones
 d - 6 bolts (quivered)
 h - 19 arrows
Armour
 b - a +0 leather armour (worn)
 e - a +0 robe
 j - a +0 leather armour
 k - a +0 shield
 q - a +0 ring mail
 u - a +0 leather armour
Scrolls
 g - 2 scrolls of identify
Potions
 p - a potion of agility
Comestibles
 f - 3 rations
 n - a chunk of flesh


   Skills:
 + Level 1.2 Fighting
 + Level 3.3 Crossbows
 + Level 0.1 Armour
 + Level 3.0 Dodging
 + Level 1.4 Spellcasting
 + Level 3.4 Hexes


You had 3 spell levels left.
You knew the following spells:

 Your Spells              Type           Power        Failure   Level  Hunger
a - Corona                Hex            #......      11%         1    ##.....

Your spell library contained the following spells:

 Spells                   Type           Power        Failure   Level  Hunger
 Slow                     Hex            #.......     17%         2    ###....
 Inner Flame              Hex/Fire       #.......     54%         3    ####...
 Portal Projectile        Hex/Tloc       #.....       54%         3    ####...
 Cause Fear               Hex            #.........   73%         4    #####..
 Leda's Liquefaction      Hex/Erth       #.........   91%         4    #####..


Dungeon Overview and Level Annotations

Branches:
Dungeon (2/15)

Altars:


Innate Abilities, Weirdness & Mutations

You are small and have problems with some larger weapons.
You are carnivorous and can eat meat at any time.
You tend to lose your temper in combat.
Your body sometimes deteriorates upon taking damage.
Your natural rate of healing is unusually fast.


Message History

Aim: a kobold, wielding a +0 short sword You shoot a bolt.
The bolt hits the kobold.
You kill the kobold!
The adder bites you but does no damage.
Firing (i - inventory. (/) - cycle)
d - 8 bolts (quivered)
Press: ? - help, Shift-Dir - straight line, f - adder
Aim: an adder You shoot a bolt.
The bolt hits the adder.
The adder is heavily wounded.
The adder bites you.
You are poisoned.
The adder poisons you! The adder bites you.
* * * LOW HITPOINT WARNING * * *
Okay, then.
Firing (i - inventory. (/) - cycle)
d - 7 bolts (quivered)
Press: ? - help, Shift-Dir - straight line, f/p - adder
Aim: an adder (heavily wounded)
You shoot a bolt. The bolt misses the adder.
You feel sick. The adder bites you.
You die...

. #.. #.. #..
## ##..###
... #.....#
..# #...#.#
..#
#...#<#.>####
#...@((......
#...#S...#..#
#...##.#.(.#
#... ...###
#... #...
.... ...#
#.... ##.(.
#.... ..#


You could see an adder.

Vanquished Creatures
  5 dart slugs
  8 bats (D:1)
  A giant cockroach (D:1)
  4 goblins (D:1)
  3 hobgoblins
  4 kobolds
  2 frilled lizards (D:1)
  3 rats (D:1)
30 creatures vanquished.

Notes
Turn   | Place    | Note
-------+----------+-------------------------------------------
     0 | D:1      | Vibe the Kobold Arcane Marksman began the quest for the
                  | Orb.
     0 | D:1      | Reached XP level 1. HP: 12/12 MP: 2/2
   101 | D:1      | Reached XP level 2. HP: 14/16 MP: 1/3
  1138 | D:1      | Gained mutation: Your body sometimes deteriorates upon
                  | taking damage. [potion of mutation]
  1138 | D:1      | Gained mutation: You tend to lose your temper in combat.
                  | [potion of mutation]
  1138 | D:1      | Gained mutation: Your natural rate of healing is unusually
                  | fast. [potion of mutation]
  1355 | D:1      | Reached XP level 3. HP: 20/20 MP: 2/5
  2119 | D:2      | Slain by an adder

Levels and vault maps discovered:
D:1:      elethiomel_arrival_quiet, layout_loops_corners
D:2:      layout_rooms

Skill      XL: |  1  2  3 |
---------------+----------+-----
Dodging        | 3 |  3.0
Crossbows      | 3 |  3.3
Fighting       | |  1.2
Armour         | |  0.1
Spellcasting   | |  1.4
Hexes          | |  3.4

Action                   || total
-------------------------++-------
 Fire: Hand crossbow     ||    91
 Cast: Corona            ||    22
  Use: Scroll            ||     3
       Potion            ||     3
  Eat: Chunk             ||    12
Armor: Leather armour    ||    24
Dodge: Dodged            ||    64
